 Dungeon Crawl Stone Soup version 0.16.1-25-gbcee3f8 (webtiles) character file.

429 Z4ng3tsu the Insei (level 6, -3/33 HPs)
             Began as a Vine Stalker Monk on May 22, 2015.
             Was an Initiate of Trog (penitent).
             Slain by Pikel
             ... wielding a +1 whip of flaming
              (5 damage)
             ... on level 4 of the Dungeon.
             The game lasted 00:45:42 (4930 turns).

Z4ng3tsu the Insei (Vine Stalker Monk)              Turns: 4930, Time: 00:45:42

Health: -3/33      AC:  2    Str: 16    XL:     6   Next: 98%
Magic:  0/10       EV: 15    Int: 10    God:    Trog [*]
Gold:   123        SH:  0    Dex: 19    Spells: 1 memorised, 6 levels left

rFire  . . .     SeeInvis .       - Unarmed
rCold  . . .     Clarity  .     n - +0 robe
rNeg   . . .     SustAb   .     (no shield)
rPois  .         Gourm    .     (no helmet)
rElec  .         Spirit   +     (no cloak)
rCorr  .         Warding  .     (no gloves)
rMut   .         Stasis   .     (no boots)
MR     .....                    (no amulet)
Stlth  +++.......               (no ring)
                                g - +3 ring of dexterity

@: not resistant to hostile enchantments, fairly stealthy
A: fangs 2, regeneration 2, magic shield, antimagic bite, no device heal 3, rot
immunity
a: Burn Spellbooks, Renounce Religion


You were on level 4 of the Dungeon.
You worshipped Trog.
Trog was demanding penance.
You were not hungry.

You visited 1 branch of the dungeon, and saw 5 of its levels.

You collected 123 gold pieces.

Inventory:

Armour
 n - a +0 robe (worn)
 x - a +0 animal skin
Jewellery
 g - a +3 ring of dexterity (left hand)
 m - an uncursed ring of poison resistance {unknown}
 s - an uncursed ring of sustain abilities {unknown}
Magical devices
 w - a wand of confusion (19)
Scrolls
 f - 2 scrolls of enchant armour
 h - a scroll of remove curse
 p - 2 scrolls of magic mapping
 q - a scroll of immolation
 v - a scroll of teleportation
 y - a scroll of identify
Potions
 a - a potion of flight {unknown}
 c - a potion of mutation {unknown}
 d - a potion of degeneration
 j - a potion of magic {unknown}
 k - a potion of restore abilities {unknown}
 r - a potion of berserk rage
Books
 e - Kikubaaqudgha's Handbook of Sinister Rituals
   (Kikubaaqudgha gifted it to you on level 3 of the Dungeon)

   Spells                             Type                      Level
   a - Pain                           Necromancy                   1
   b - Corpse Rot                     Necromancy                   2
   c - Sublimation of Blood           Necromancy                   2
   d - Regeneration                   Charms/Necromancy            3
   e - Control Undead                 Necromancy                   4
   Trog disapproves of the use of such an item.
 o - a book of the Sky

   Spells                             Type                      Level
   a - Flight                         Charms/Air                   3
   b - Airstrike                      Air                          4
   c - Silence                        Hexes/Air                    5
   d - Deflect Missiles               Charms/Air                   6
   e - Conjure Ball Lightning         Conjuration/Air              6
   f - Tornado                        Air                          9
   Trog disapproves of the use of such an item.
 t - Kikubaaqudgha's Incunabulum of Unholy Rituals
   (Kikubaaqudgha gifted it to you on level 5 of the Dungeon)

   Spells                             Type                      Level
   a - Animate Dead                   Necromancy                   4
   b - Excruciating Wounds            Charms/Necromancy            5
   c - Agony                          Necromancy                   5
   d - Dispel Undead                  Necromancy                   5
   e - Simulacrum                     Ice/Necromancy               6
   Trog disapproves of the use of such an item.
Comestibles
 b - 2 bread rations
 i - 2 beef jerkies
 l - 3 fruits
 u - a meat ration


   Skills:
 + Level 3.9 Fighting
 + Level 4.1 Dodging
 + Level 4.0 Stealth
 + Level 5.2 Unarmed Combat
 - Level 1.1 Spellcasting
 - Level 1.0 Necromancy


You had 6 spell levels left.
You knew the following spells:

 Your Spells              Type           Power        Failure   Level  Hunger
a - Pain                  Necr           #...         24%         1    ##.....


Dungeon Overview and Level Annotations

Branches:
Dungeon (5/15)
 Temple: D:4-7

Altars:
Ashenzari
Dithmenos
Elyvilon
Fedhas
Kikubaaqudgha
Sif Muna
Trog
Xom

Annotations:
D:4 Pikel


Innate Abilities, Weirdness & Mutations

You have extremely sharp teeth.
You heal very quickly.
When hurt, damage is shared between your health and your magic reserves.
Your bite disrupts and absorbs the magic of your enemies.
Potions and wands cannot restore your health.
You are immune to rotting.


Message History

Pikel hits you with a whip of flaming! Pikel burns you.
You climb upwards.
There is a stone staircase leading down here.
Pikel says, "Slavery isn't that bad."
Pikel says, "Slavery isn't that bad."
You hit Pikel but do no damage. Your bite misses Pikel.
Pikel is heavily wounded.
Pikel hits you with a whip of flaming. Pikel burns you.
You hit Pikel.
Pikel is severely wounded.
Pikel misses you.
You barely miss Pikel. Your bite misses Pikel.
Pikel is severely wounded.
Pikel hits you with a whip of flaming. Pikel burns you.
You miss Pikel.
Pikel is severely wounded.
Pikel hits you with a whip of flaming!
* * * LOW HITPOINT WARNING * * *
Pikel burns you.
You die...

# #.###.#######.##..# ### #.....
####.###.# #.....#######..#..
.........# #.......'_'.......
######(### ##.###.###'###..#.#
#.# #...##.# #.# #..#.# #.##
#...##.###.###..#.# #..#
#...##..........#.# ##.#
#####...##............# #
####.###.....@.....#.##.##.###
####.....).....K.........#.##....
##......###...........#.##.######
##.#.##.# ###.#...#.###......#
##....#.# #.#.(.#.# #.##(#.#
........# #>#...#.# #.##.#.##
##....#.# #.#...#.# #.##....#
#.#.##.# #.##.##.# #.####..###
#......#####.......# #..........


You could see Pikel.

Vanquished Creatures
  2 slaves (D:5)
  A crimson imp (D:5)
  A centaur skeleton (D:5)
  Crazy Yiuf (D:2)
  An iguana (D:4)
  2 worker ants (D:4)
  An orc wizard (D:4)
  4 gnolls (D:4)
  6 adders
  A giant mite (D:2)
  4 worms
  6 giant geckos
  3 oozes
  15 orcs
  A ball python (D:1)
  14 bats
  A bat skeleton (D:4)
  4 giant cockroaches
  13 hobgoblins
  5 jackals
  12 kobolds
  4 giant newts
  13 goblins
  A jackal skeleton (D:5)
  A jackal zombie (D:5)
  13 rats
130 creatures vanquished.

Notes
Turn   | Place    | Note
--------------------------------------------------------------
     0 | D:1      | Z4ng3tsu, the Vine Stalker Monk, began the quest for the Orb.
     0 | D:1      | Reached XP level 1. HP: 11/11 MP: 1/1
   165 | D:1      | Reached XP level 2. HP: 14/16 MP: 3/3
   668 | D:2      | Reached XP level 3. HP: 20/20 MP: 1/4
   970 | D:2      | Noticed Crazy Yiuf
   977 | D:2      | Killed Crazy Yiuf
   977 | D:2      | Reached XP level 4. HP: 16/24 MP: 3/5
  1703 | D:3      | Found a shimmering altar of Xom.
  1704 | D:3      | Found an ancient bone altar of Kikubaaqudgha.
  1764 | D:3      | Became a worshipper of Kikubaaqudgha
  1764 | D:3      | Acquired Kikubaaqudgha's first power
  1764 | D:3      | Received a gift from Kikubaaqudgha
  1764 | D:3      | Acquired Kikubaaqudgha's second power
  1767 | D:3      | Identified Kikubaaqudgha's Handbook of Sinister Rituals (Kikubaaqudgha gifted it to you on level 3 of the Dungeon)
  1772 | D:3      | Learned a level 1 spell: Pain
  1893 | D:3      | Found a deep blue altar of Sif Muna.
  1995 | D:3      | Found a shattered altar of Ashenzari.
  2382 | D:3      | Noticed a sky beast
  2506 | D:2      | Reached XP level 5. HP: 15/28 MP: 4/7
  2755 | D:4      | Found a white marble altar of Elyvilon.
  2936 | D:4      | Reached skill level 1 in Spellcasting
  3049 | D:4      | Reached skill level 1 in Necromancy
  3080 | D:4      | HP: 1/28 [jackal (1)]
  3214 | D:4      | Gained mutation: You heal very quickly. [vine stalker growth]
  3214 | D:4      | Reached XP level 6. HP: 26/32 MP: 10/10
  3315 | D:4      | Found a shadowy altar of Dithmenos.
  3394 | D:4      | Reached skill level 5 in Unarmed Combat
  4268 | D:5      | Entered Level 5 of the Dungeon
  4576 | D:5      | Noticed a moth of wrath
  4579 | D:5      | Found a bloodstained altar of Trog.
  4595 | D:5      | Received a gift from Kikubaaqudgha
  4622 | D:5      | Identified Kikubaaqudgha's Incunabulum of Unholy Rituals (Kikubaaqudgha gifted it to you on level 5 of the Dungeon)
  4633 | D:5      | Fell from the grace of Kikubaaqudgha
  4633 | D:5      | Became a worshipper of Trog the Wrathful
  4764 | D:5      | Found a blossoming altar of Fedhas.
  4790 | D:5      | Was placed under penance by Trog
  4797 | D:5      | Noticed Pikel
  4930 | D:4      | Slain by Pikel

Action                   |  1- 3 |  4- 6 || total
-------------------------+-------+-------++-------
Melee: Unarmed           |    99 |   358 ||   457
 Cast: Pain              |       |    18 ||    18
  Use: Scroll            |     2 |    10 ||    12
       Potion            |     1 |     3 ||     4
 Stab: Sleeping          |     5 |     5 ||    10
       Distracted        |       |     1 ||     1
  Eat: Fruit             |       |     3 ||     3
       Chunk             |       |     2 ||     2
       Bread ration      |       |     2 ||     2
       Pizza             |       |     1 ||     1
       Beef jerky        |       |     1 ||     1
